 Dungeon Crawl Stone Soup version 0.26-a0-854-gdc81c2f471 (webtiles) character file.

Game seed: 811971778397398092

96 Descartes the Shield-Bearer (level 4, 0/35 HPs)
             Began as a Formicid Fighter on Nov 20, 2020.
             Slain by Purgy (2 damage)
             ... on level 2 of the Dungeon on Nov 22, 2020.
             The game lasted 00:02:52 (1800 turns).

Descartes the Shield-Bearer (Formicid Fighter)      Turns: 1800, Time: 00:02:52

Health: 0/35       AC:  8    Str: 21    XL:     4   Next: 98%
Magic:  4/4        EV:  8    Int:  8    God:
Gold:   61         SH: 10    Dex: 10    Spells: 3/3 levels left

rFire    . . .     SeeInvis +   a - +0 war axe
rCold    . . .     Faith    .   c - +0 kite shield
rNeg     . . .     Spirit   .   b - +0 scale mail
rPois    .         Reflect  .   (helmet unavailable)
rElec    .         Harm     .   (no cloak)
rCorr    .         Rampage  .   (no gloves)
MR       .....                  f - +0 pair of boots
Stlth    ..........             (no amulet)
HPRegen  0.11/turn              (no ring)
MPRegen  0.09/turn              (no ring)

@: no status effects
A: permanent stasis, dig shafts and tunnels, four strong arms, antennae 3
a: Dig, Shaft Self


You were on level 2 of the Dungeon.
You visited 1 branch of the dungeon, and saw 3 of its levels.

You collected 61 gold pieces.

Inventory:

Hand Weapons
 a - a +0 war axe (weapon)
Missiles
 k - 14 poisoned darts (quivered)
 l - 86 stones
Armour
 b - a +0 scale mail (worn)
 c - a +0 kite shield (worn)
 f - a +0 pair of boots (worn)
Scrolls
 e - a scroll of magic mapping {unknown}
 g - a scroll of identify {unknown}
 i - a scroll of fear {unknown}
 j - 2 scrolls of remove curse {unknown}
 o - a scroll of teleportation {unknown}
 p - a scroll of amnesia {unknown}
Potions
 d - a potion of might
 h - 2 potions of heal wounds {unknown}
 m - a potion of resistance {unknown}
 n - a potion of haste {unknown}


   Skills:
 - Level 3.2 Fighting
 - Level 2.0 Axes
 - Level 3.2 Armour
 + Level 6.4 Shields


You had 3 spell levels left.
You didn't know any spells.
Your spell library was empty.

Dungeon Overview and Level Annotations

Branches:
Dungeon (3/15)

Altars:

Annotations:
D:2 Purgy
D:3 Terence


Innate Abilities, Weirdness & Mutations

You cannot be hasted, slowed, berserked, paralysed or teleported.
You can dig through walls and to a lower floor.
Your four strong arms can wield two-handed weapons with a shield.
You have a pair of large antennae on your head. (SInv)


Message History

You block Purgy's attack. x3
You completely miss Purgy.
Purgy is moderately wounded.
Purgy bites you.
* * * LOW HITPOINT WARNING * * *
Purgy claws you.
* * * LOW HITPOINT WARNING * * *
Purgy claws you.
* * * LOW HITPOINT WARNING * * *
Purgy barely misses you. Purgy closely misses you. You block Purgy's attack.
There is a stone staircase leading up here.
You block Purgy's attack. x3
You climb upwards.
There is a stone staircase leading down here.
You slash Purgy!
Purgy is moderately wounded.
Purgy bites you.
* * * LOW HITPOINT WARNING * * *
Purgy claws you.
You die...

#.#### #.# #.# #.# #.#
######### #.# #.......#
#.#####
#.#####.#######.#...########
## #.#
#......@T.............# .#
#.####...######>#...######.#
.# #.#....#.# ##...#### #.#
.# #.#.##...# #.....# #.# .#
#.#.###.## ##...## #.#
.####.......# ##.## #.#
.##........## #.# #.#
.##.###.##.# #.# #.# .##.#
#.##.# ##'## #.#


You could see Purgy.

Vanquished Creatures
  4 adders (D:2)
  A worm (D:2)
  3 dart slugs (D:1)
  2 leopard geckos (D:2)
  An orc (D:3)
  A ball python (D:2)
  5 bats
  5 giant cockroaches
  4 goblins
  3 hobgoblins
  11 kobolds
  5 frilled lizards
  2 rats
47 creatures vanquished.

Notes
Turn   | Place    | Note
-------+----------+-------------------------------------------
     0 | D:1      | Descartes the Formicid Fighter began the quest for the Orb.
     0 | D:1      | Reached XP level 1. HP: 18/18 MP: 1/1
     0 | D:1      | Upgraded the game from 0.26-a0-849-gf1512cd430 to
                  | 0.26-a0-854-gdc81c2f471
   211 | D:1      | Reached skill level 4 in Shields
   325 | D:1      | Reached XP level 2. HP: 24/24 MP: 2/2
   510 | D:1      | Reached XP level 3. HP: 29/29 MP: 3/3
   525 | D:1      | Reached skill level 5 in Shields
  1212 | D:2      | Reached XP level 4. HP: 33/35 MP: 4/4
  1458 | D:2      | Reached skill level 6 in Shields
  1757 | D:3      | Noticed Terence
  1762 | D:3      | Noticed Purgy
  1800 | D:2      | Slain by Purgy

Illustrated notes

Levels and vault maps discovered:
D:1:      dpeg_cavernosity, layout_basic
D:2:      layout_loops_corners
D:3:      layout_rooms, gammafunk_temple_overflow_statue,
          nicolae_overflow_crystal_walls, nicolae_overflow_hidden_temple,
          uniq_terence, uniq_ijyb, uniq_crazy_yiuf_cottage, uniq_sigmund,
          uniq_purgy

Skill      XL: |  1  2  3  4 |
---------------+-------------+-----
Shields        | 4 5 6 |  6.4
Fighting       | |  3.2
Axes           | |  2.0
Armour         | |  3.2

Action                   |  1- 3 |  4- 6 || total
-------------------------+-------+-------++-------
Melee: War axe           |    72 |    95 ||   167
 Abil: Dig               |     2 |       ||     2
Armor: Scale mail        |    22 |    55 ||    77
Dodge: Dodged            |    18 |    49 ||    67
Block: Kite shield       |    41 |    78 ||   119

Table legend: (Time is in decaauts)
 A = Elapsed time spent in this place.
 B = Non-inter-level travel time spent in this place.
 C = Inter-level travel time spent in this place.
 D = Time resting spent in this place.
 E = Time spent auto-exploring this place.
 F = Levels seen in this place.
 G = Mean time per level.
                   A        B        C        D        E       F      G
               +--------+--------+--------+--------+--------+-----+--------+
         Total |   1876 |   1830 |     46 |      0 |   1397 |   3 |  625.3 |
       Dungeon |   1876 |   1830 |     46 |      0 |   1397 |   3 |  625.3 |
               +--------+--------+--------+--------+--------+-----+--------+

Top non-repeatable levels by time:
     D:2: 1069 daAuts
     D:1: 729 daAuts
     D:3: 77 daAuts
